 Dungeon Crawl Stone Soup version 0.29.1-1-gd02db6906a (webtiles) character file.

Game seed: 10766733908389373681

2428 Earthwalker the Fighter (level 9, -4/82 HPs)
             Began as a Minotaur Fighter on Oct 13, 2022.
             Was a Believer of Okawaru.
             Slain by a komodo dragon (22 damage)
             ... on level 7 of the Dungeon.
             The game lasted 00:14:25 (5724 turns).

Earthwalker the Fighter (Minotaur Fighter)          Turns: 5724, Time: 00:14:25

Health: -4/82      AC:  9    Str: 31    XL:     9   Next: 24%
Magic:  8/8        EV: 10    Int:  5    God:    Okawaru [**....]
Gold:   448        SH:  5    Dex: 10    Spells: 8/8 levels left

rFire   . . .      SeeInvis .   a - +0 war axe
rCold   . . .      Faith    .   c - +0 buckler
rNeg    . . .      Spirit   .   n - +3 ring mail {rPois}
rPois   +          Reflect  .   (helmet restricted)
rElec   .          Harm     .   (no cloak)
rCorr   .          Rampage  .   (no gloves)
Will    .....                   (no boots)
Stlth   ..........              o - amulet of regeneration
HPRegen 1.03/turn               v - ring of poison resistance
MPRegen 0.11/turn               z - +6 ring of strength

@: no status effects
A: horns 2, retaliatory headbutt
a: Renounce Religion, Heroism


You were on level 7 of the Dungeon.
You worshipped Okawaru.
Okawaru was pleased with you.
You visited 2 branches of the dungeon, and saw 9 of its levels.

You collected 448 gold pieces.

Inventory:

Hand Weapons
 a - a +0 war axe (weapon)
 w - a +0 vorpal spear
 D - the +11 morningstar of the Imperium {antimagic, Str+4}
   (You found it on level 6 of the Dungeon)

   It reduces the magical energy of the wielder, and disrupts the spells and
   magical abilities of those it strikes.
   Natural abilities and divine invocations are not affected.
   Str:       It affects your strength (+4).
Missiles
 k - 4 datura-tipped darts (quivered)
 m - 18 poisoned darts
 F - 4 curare-tipped darts
Armour
 b - a +0 scale mail
 c - a +0 buckler (worn)
 e - a +1 ring mail of cold resistance
 n - a +3 ring mail of poison resistance (worn)
 y - the +0 ring mail of Eternal Night {rPois rN+ Dex+4}
   (You found it on level 3 of the Dungeon)

   Dex:       It affects your dexterity (+4).
   rPois:     It protects you from poison.
   rN:        It protects you from negative energy.
Jewellery
 o - an amulet of regeneration (around neck)
 v - a ring of poison resistance (left hand)
 z - a +6 ring of strength (right hand)
 B - a +4 ring of evasion
Wands
 p - a wand of quicksilver (6)
Scrolls
 f - 2 scrolls of fog
 i - a scroll of enchant weapon
 l - a scroll of identify
 q - 2 scrolls of teleportation
 r - 2 scrolls of poison {unknown}
 t - a scroll of amnesia {unknown}
 u - a scroll of immolation
 x - 2 scrolls of noise {unknown}
 A - 6 scrolls of enchant armour {unknown}
 C - a scroll of fear {unknown}
Potions
 d - 2 potions of might
 g - 2 potions of berserk rage
 h - 3 potions of heal wounds
 j - 4 potions of lignification
 s - 3 potions of curing
 E - a potion of ambrosia {unknown}
 G - a potion of brilliance {unknown}


   Skills:
 * Level 8.3 Fighting
 * Level 7.8 Axes
 * Level 8.3 Armour
 * Level 8.3 Shields


You had 8 spell levels left.
You didn't know any spells.
Your spell library contained the following spells:

 Spells                   Type           Power      Damage    Failure   Level
 Confusing Touch          Hex            0%         N/A       95%         3
 Ozocubu's Armour         Ice            0%         N/A       95%         3
 Yara's Violent Unravell  Hex/Tmut       0%         3d3       100%        5
 Enfeeble                 Hex            0%         N/A       100%        7
 Ozocubu's Refrigeration  Ice            0%         4d7       100%        7


Dungeon Overview and Level Annotations

Branches:
Dungeon (8/15)             Temple (1/1) D:5            Lair (0/5) D:8

Altars:
Cheibriados
Dithmenos
Elyvilon
Fedhas
Gozag
Hepliaklqana
Kikubaaqudgha
Makhleb
Nemelex Xobeh
Okawaru
Qazlal
Ru
Sif Muna
Trog
Uskayaw
Vehumet
Wu Jian
Xom
Yredelemnul
Zin
The Shining One

Shops:
D:4 :

Annotations:
D:3 2 transporters, Anriel's ghost, amateur DsGl


Innate Abilities, Weirdness & Mutations

You have a pair of horns on your head.
You reflexively headbutt those who attack you in melee.


Message History

The bullfrog releases a deep croak.
The bullfrog completely misses you.
There is a stone staircase leading up, spattered with blood here.
The bullfrog barely misses you.
The bullfrog hits you but does no damage. x2
The orc warrior hits you from afar with a +0 halberd!!
The komodo dragon barely misses you. You furiously retaliate!
You headbutt the komodo dragon. The bullfrog barely misses you.
You climb upwards.
There is a stone staircase leading down here.
You closely miss the bullfrog. Your headbutt misses the bullfrog.
The bullfrog is heavily wounded.
You hit the komodo dragon. You slash the bullfrog!
You barely miss the bullfrog. The bullfrog hits you.
You block the bullfrog's attack. The bullfrog completely misses you.
The komodo dragon closely misses you. You furiously retaliate!
You headbutt the komodo dragon. The bullfrog closely misses you.
You furiously retaliate!
You headbutt the bullfrog. The bullfrog misses you.
You closely miss the bullfrog.
The bullfrog is heavily wounded.
You hit the komodo dragon but do no damage.
You closely miss the bullfrog. You slash the bullfrog!
You kill the bullfrog!
Okawaru accepts your kill. You block the bullfrog's attack.
The bullfrog barely misses you. The komodo dragon bites you!!
The bullfrog barely misses you. The bullfrog hits you.
* * * LOW HITPOINT WARNING * * *
You are too injured to fight recklessly!
Unknown command.
You are too injured to fight recklessly!
You are too injured to fight recklessly!
Unknown command.
You are too injured to fight recklessly!
You slash the komodo dragon! Your headbutt misses the komodo dragon.
The komodo dragon is heavily wounded.
You barely miss the bullfrog. You hit the bullfrog. The bullfrog hits you.
* * * LOW HITPOINT WARNING * * *
The komodo dragon bites you!!
You die...

#.............#.............
#.............#.............
##.###.###.############.....
#####.###.######...###.....
#...+....#..'............
#...#.[.[#..#............
#######..###)#######...##.....
##..#..#..###F##..###...##.....
#...#........F@l...#....#......
#...'........†.....#..(.+......
##########...##>##...####.####..#
#..#######...##.#########.####..#
.......................#........#
.......................#........#
.......................#........#
.......................#........#
######..##....####.##..##.#######


You could see a komodo dragon and 2 bullfrogs.

Vanquished Creatures
  A troll (D:7)
  A yak (D:7)
  A steam dragon (D:7)
  An orc warrior (D:7)
  A sky beast (D:7)
  2 ogres
  2 black bears
  3 centaurs
  2 phantoms
  A kobold brigand (D:6)
  3 bullfrogs
  A scorpion (D:7)
  A wight (D:7)
  3 howler monkeys
  A hound (D:4)
  An orc priest (D:6)
  2 jellies (D:5)
  Jessica (D:2)
  An iguana (D:6)
  3 orc wizards
  Terence (D:2)
  3 gnolls (D:6)
  9 adders
  A shadow imp (D:6)
  2 white imps
  3 ufetubi
  A dart slug (D:1)
  18 orcs
  13 ball pythons
  9 endoplasms
  6 giant cockroaches
  7 goblins
  6 hobgoblins
  3 jackals (D:1)
  2 quokkas (D:2)
  12 bats
  4 frilled lizards
  9 kobolds
  12 rats
153 creatures vanquished.

Vanquished Creatures (others)
  19 fungi (D:8)
  27 plants (D:8)
46 creatures vanquished.

Grand Total: 199 creatures vanquished

Notes
Turn   | Place    | Note
-------+----------+-------------------------------------------
     0 | D:1      | Earthwalker the Minotaur Fighter began the quest for the
                  | Orb.
     0 | D:1      | Reached XP level 1. HP: 19/19 MP: 0/0
   145 | D:1      | Reached XP level 2. HP: 27/27 MP: 1/1
   170 | D:1      | Found a faded altar of an unknown god.
   650 | D:1      | Reached XP level 3. HP: 33/33 MP: 2/2
   981 | D:2      | Noticed Terence
   989 | D:2      | Killed Terence
   990 | D:2      | Reached XP level 4. HP: 16/41 MP: 3/3
  1399 | D:2      | Noticed Jessica
  1410 | D:2      | Killed Jessica
  1648 | D:2      | Reached XP level 5. HP: 47/47 MP: 4/4
  2094 | D:3      | Found a transporter.
  2113 | D:3      | Noticed Anriel's ghost (amateur DsGl)
  2114 | D:3      | Found a transporter.
  2343 | D:3      | Identified the +0 ring mail of Eternal Night {rPois rN+
                  | Dex+4}
  2807 | D:4      | Reached skill level 5 in Armour
  2842 | D:4      | Reached skill level 5 in Fighting
  2842 | D:4      | Reached skill level 5 in Shields
  2886 | D:4      | Noticed a black bear
  2895 | D:4      | Killed a black bear
  2896 | D:4      | Reached XP level 6. HP: 56/56 MP: 5/5
  3042 | D:4      | Found Paawno Ubles's Book Shoppe.
  3249 | D:4      | Found an opulent altar of Gozag.
  3252 | D:4      | Found an ancient bone altar of Kikubaaqudgha.
  3258 | D:4      | Found a shimmering blue altar of Sif Muna.
  3364 | D:5      | Entered Level 5 of the Dungeon
  3486 | D:5      | Found a shadowy altar of Dithmenos.
  3547 | D:5      | Found a staircase to the Ecumenical Temple.
  3598 | Temple   | Entered the Ecumenical Temple
  3625 | Temple   | Became a worshipper of Warmaster Okawaru
  3841 | D:5      | Reached skill level 5 in Axes
  3841 | D:5      | Reached XP level 7. HP: 62/62 MP: 6/6
  4078 | D:5      | Found an ornate altar of the Wu Jian Council.
  4227 | D:6      | Reached * piety under Okawaru
  4296 | D:6      | Reached XP level 8. HP: 33/71 MP: 7/7
  4395 | D:6      | Found a bloodstained altar of Trog.
  4519 | D:6      | Identified the +11 morningstar of the Imperium {antimagic,
                  | Str+4}
  4781 | D:6      | Found a sacrificial altar of Ru.
  5104 | D:7      | Reached ** piety under Okawaru
  5390 | D:7      | Found a hazy altar of Hepliaklqana.
  5595 | D:7      | Found a white marble altar of Elyvilon.
  5628 | D:8      | Found a staircase to the Lair.
  5628 | D:8      | Noticed a troll
  5637 | D:8      | Reached XP level 9. HP: 80/81 MP: 8/8
  5640 | D:8      | Noticed a komodo dragon
  5659 | D:7      | Killed a troll
  5724 | D:7      | Slain by a komodo dragon

Illustrated notes

Levels and vault maps discovered:
D:1:      dpeg_arrival_subterranean_lakeside_camping, layout_basic,
          hellmonk_ecumenical_altar_blasted, skrybe_limestone_x
D:2:      layout_loops_cross, chequers_mini_garden, minmay_joined_circles,
          uniq_terence, uniq_jessica
D:3:      layout_loops_ring, gammafunk_ghost_mausoleum
D:4:      layout_basic, grunt_temple_overflow_diamond, serial_shops,
          kennysheep_mini, kennysheep_boxes
D:5:      layout_cave_pods, pdpol_wu_jian_five_deadly_venoms,
          grunt_dithmenos_smoke, minmay_temple_entry_stoned_glass, minivault_1
D:6:      layout_cave_pools, trog_three_pillars_becter,
          nicolae_ru_great_annihilating_truth
D:7:      layout_gridville, mainiacjoe_overflow_alcove_2, kennysheep_mini_moat
D:8:      layout_layer_cave, due_lair_maze_entry_diamond, item_on_display_a,
          uniq_prince_ribbit1, uniq_erica, uniq_grum, uniq_maurice
Temple:   cyrus_circular_temple

Skill      XL: |  1  2  3  4  5  6  7  8  9 |
---------------+----------------------------+-----
Fighting       | 4 5 6 7 8 |  8.3
Armour         | 4 5 6 7 8 |  8.3
Shields        | 4 5 6 7 8 |  8.3
Axes           | 3 4 5 6 7 |  7.8

Action                   |  1- 3 |  4- 6 |  7- 9 || total
-------------------------+-------+-------+-------++-------
Melee: War axe           |    64 |   141 |   144 ||   349
       Headbutt          |    10 |    17 |    14 ||    41
  Use: Scroll            |       |       |     7 ||     7
 Stab: Paralysed         |       |       |     2 ||     2
Armor: Scale mail        |    28 |    31 |       ||    59
       Ring mail         |       |    52 |    63 ||   115
Dodge: Dodged            |    34 |    82 |    84 ||   200
Block: Buckler           |     8 |    36 |    46 ||    90
